 Dungeon Crawl Stone Soup version 0.27.1-34-g3ba077fa99 (webtiles) character file.

Game seed: 16200742201413604556

6307 Violens the Blocker (level 10, 0/88 HPs)
             Began as a Minotaur Fighter on Jan 27, 2022.
             Was an Elder of Qazlal.
             Slain by a wight (6 damage)
             ... on level 10 of the Dungeon.
             The game lasted 00:47:15 (6295 turns).

Violens the Blocker (Minotaur Fighter)              Turns: 6295, Time: 00:47:17

Health: 0/88       AC: 12    Str: 22    XL:     10   Next: 63%
Magic:  9/9        EV:  8    Int:  5    God:    Qazlal [****..]
Gold:   367        SH: 17    Dex: 12    Spells: 9/9 levels left

rFire    . . .     SeeInvis .   b - +2 war axe (drain)
rCold    . . .     Faith    .   d - +0 kite shield
rNeg     . . .     Spirit   .   e - +0 chain mail
rPois    .         Reflect  .   (helmet restricted)
rElec    .         Harm     .   f - +0 cloak
rCorr    .         Rampage  .   (no gloves)
Will     .....                  (no boots)
Stlth    ..........             g - amulet of regeneration
HPRegen  1.24/turn              (no ring)
MPRegen  0.11/turn              (no ring)

@: repel missiles
A: horns 2, retaliatory headbutt
a: Renounce Religion, Upheaval, Elemental Force


You were on level 10 of the Dungeon.
You worshipped Qazlal.
Qazlal was greatly pleased with you.
You visited 1 branch of the dungeon, and saw 10 of its levels.

You collected 367 gold pieces.

Inventory:

Hand Weapons
 a - a +10 spear
 b - a +2 war axe of draining (weapon)
 h - a +0 dagger of venom
 n - a +0 flail
 p - a -1 vorpal spear
 s - a +3 dagger
 t - a +4 club
 u - a +2 flail of protection
 w - a +0 whip of flaming
 x - a +2 spear of freezing
 y - a +1 vorpal spear
 z - a +4 battleaxe
 A - a +0 vorpal halberd
 C - a +0 short sword of venom
 D - a +2 mace of draining
 E - a +0 antimagic short sword
 L - the +0 hand axe of the Scorpion {pain, Fly}
   (You found it on level 8 of the Dungeon)

   In the hands of one skilled in necromantic magic, it inflicts extra damage on
   living creatures.
   Fly:       It grants you flight.
 M - a +3 dagger
Missiles
 c - 4 silver boomerangs (quivered)
 J - 4 curare-tipped darts
 R - 7 javelins
Armour
 d - a +0 kite shield (worn)
 e - a +0 chain mail (worn)
 f - a +0 cloak (worn)
 B - +0 steam dragon scales
 K - +0 steam dragon scales
Magical Staves
 j - a staff of conjuration
Jewellery
 g - an amulet of regeneration (around neck)
 N - an amulet of faith
Wands
 q - a wand of mindburst (18)
 r - a wand of digging (4)
 O - a wand of polymorph (3)
Scrolls
 F - a scroll of fog
 P - a scroll of enchant weapon {unknown}
 Q - a scroll of fear {unknown}
 S - a scroll of brand weapon {unknown}
Potions
 i - a potion of lignification
 k - a potion of mutation
 l - 2 potions of curing
 m - 2 potions of attraction
 o - 2 potions of might
 v - a potion of haste
 G - a potion of magic
 H - a potion of flight {unknown}
 I - 2 potions of brilliance {unknown}


   Skills:
 + Level 8.0 Fighting
 + Level 8.9(10.4) Axes
 + Level 4.3(7.1) Maces & Flails
 + Level 7.5(9.4) Polearms
 + Level 1.7 Throwing
 + Level 8.4 Armour
 + Level 3.5 Dodging
 + Level 0.3 Stealth
 + Level 10.2 Shields
 + Level 0.3 Invocations


You had 9 spell levels left.
You didn't know any spells.
Your spell library contained the following spells:

 Spells                   Type           Power      Damage    Failure   Level
 Magic Dart               Conj           0%         1d3       100%        1
 Summon Small Mammal      Summ           0%         N/A       100%        1
 Searing Ray              Conj           0%         3d3       100%        2
 Call Canine Familiar     Summ           0%         N/A       100%        3
 Stone Arrow              Conj/Erth      0%         3d7       100%        3
 Summon Guardian Golem    Hex/Summ       0%         N/A       100%        3
 Animate Armour           Summ/Erth      0%         N/A       100%        4
 Fulminant Prism          Conj/Hex       0%         3d6       100%        4
 Lehudib's Crystal Spear  Conj/Erth      0%         10d2      100%        8


Dungeon Overview and Level Annotations

Branches:
Dungeon (10/15)            Temple (0/1) D:7
   Lair: D:8-11         Orc: D:9-12

Altars:
Cheibriados
Elyvilon
Kikubaaqudgha
Qazlal
Ru
Sif Muna
Trog
Yredelemnul
Beogh

Shops:
D:4 *   D:7 *

Annotations:
D:7 3 runed translucent doors, dornbeast's ghost, novice TeCj
D:10 Joseph


Innate Abilities, Weirdness & Mutations

You have a pair of horns on your head.
You reflexively headbutt those who attack you in melee.


Message History

You hear a bark!
A wolf comes into view.
A centaur warrior comes into view. It is wielding a +0 hand axe.
Joseph unwields a +0 quarterstaff.
Joseph wields a +1 hunting sling of freezing.
It is covered in frost.
Joseph shoots a sling bullet.
The two-headed ogre hits you with a +0 giant club!
You block the two-headed ogre's attack.
A wight comes into view. It is wielding a +3 short sword.
Something hits you but does no damage.
You slash the two-headed ogre! You drain the two-headed ogre.
You headbutt the two-headed ogre, but do no damage.
The two-headed ogre is heavily wounded.
You slash something!
The centaur warrior unwields a +0 hand axe.
The centaur warrior wields a +1 shortbow of freezing.
It is covered in frost.
The centaur warrior shoots an arrow.
The arrow hits you! The arrow freezes you.
Joseph shoots a sling bullet.
You block the sling bullet.
The two-headed ogre hits you with a +0 giant club!
The two-headed ogre hits you with a +0 dire flail!
Something hits you. Something burns you.
A troll comes into view.
A wolf comes into view.
You block the wolf's attack. Qazlal accepts your kill.
Reactivating autopickup.
You feel a bit more experienced.
Joseph shoots a sling bullet.
The sling bullet hits you! The sling bullet freezes you.
* * * LOW HITPOINT WARNING * * *
The centaur warrior shoots an arrow.
You block the arrow. You block the wight's attack. You block the wolf's attack.
There is a stone staircase leading down, spattered with blood here.
You block the wolf's attack.
Joseph shoots a sling bullet.
The sling bullet hits you!
* * * LOW HITPOINT WARNING * * *
The sling bullet freezes you.
* * * LOW HITPOINT WARNING * * *
The wight hits you with a +2 hand axe.
You die...

....... .......
....... @......
≈≈≈.....# .......
≈≈≈......##.......
≈≈≈≈...............
≈≈≈.......○°...c...
≈≈≈.......§○.......
.h≈≈....§h@O.......
h≈≈≈.....hhz°......
.≈≈≈.≈h(..zz☼°.....
≈h≈≈h..............
.≈≈≈....<..........
.≈h≈≈T.#...z.#.....
≈≈≈....####..##....
≈≈≈...# #...#....
≈.≈≈≈. .......


You could see Joseph, a centaur warrior, a two-headed ogre (drained), a troll, 3
wolves, 2 hounds and 4 wights.

Vanquished Creatures
  A boulder beetle (D:9)
  Pikel (D:6)
  Psyche (D:10)
  Maggie (D:6)
  A hornet (D:8)
  A meliai zombie (D:9)
  Sigmund (D:6)
  A wraith (D:8)
  3 wyverns
  Grum (D:8)
  2 steam dragons (D:7)
  Edmund (D:5)
  A water moccasin (D:7)
  2 orc warriors
  A black bear (D:7)
  A centaur (D:6)
  2 ice beasts (D:6)
  3 ogres (D:5)
  2 wolves (D:8)
  A phantom (D:6)
  A bullfrog (D:8)
  A gnoll sergeant (D:6)
  Blork the orc (D:6)
  A scorpion (D:6)
  A water moccasin zombie (D:6)
  9 killer bees
  8 wights
  2 howler monkeys
  A bullfrog skeleton (D:5)
  A centaur zombie (D:9)
  A jelly (D:5)
  4 hounds
  5 orc priests
  A gnoll shaman (D:7)
  Ijyb (D:3)
  Natasha (twice) (D:4)
  An iguana (D:6)
  8 orc wizards
  A hound skeleton (D:5)
  A howler monkey zombie (D:9)
  6 gnolls
  10 adders
  An adder skeleton (D:4)
  A worm (D:2)
  A dart slug (D:4)
  37 orcs
  A bat (D:1)
  8 endoplasms
  A giant cockroach (D:2)
  3 goblins
  8 hobgoblins
  6 kobolds
  5 quokkas
  6 ball pythons
  4 frilled lizards
  5 rats
  A butterfly (D:8)
183 creatures vanquished.

Notes
Turn   | Place    | Note
-------+----------+-------------------------------------------
     0 | D:1      | Violens the Minotaur Fighter began the quest for the Orb.
     0 | D:1      | Reached XP level 1. HP: 19/19 MP: 0/0
   172 | D:1      | Reached XP level 2. HP: 21/27 MP: 1/1
   749 | D:1      | Found a faded altar of an unknown god.
   752 | D:1      | Became a worshipper of Qazlal Stormbringer
   752 | D:1      | Reached * piety under Qazlal
  1597 | D:1      | Reached XP level 3. HP: 33/33 MP: 2/2
  1742 | D:2      | Reached skill level 4 in Shields
  1788 | D:2      | Reached skill level 1 in Dodging
  2089 | D:2      | Reached XP level 4. HP: 40/40 MP: 3/3
  2145 | D:2      | Reached ** piety under Qazlal
  2488 | D:3      | Reached XP level 5. HP: 25/47 MP: 4/4
  2637 | D:3      | Noticed Ijyb
  2653 | D:3      | Killed Ijyb
  2654 | D:3      | Reached skill level 1 in Polearms
  3478 | D:3      | Reached XP level 6. HP: 49/53 MP: 5/5
  3544 | D:4      | Found Tiof's Assorted Antiques.
  3548 | D:4      | Noticed Natasha
  3557 | D:4      | Killed Natasha
  3568 | D:4      | Noticed Natasha
  3574 | D:4      | Killed Natasha
  3574 | D:4      | Reached *** piety under Qazlal
  3612 | D:4      | Found a basalt altar of Yredelemnul.
  3663 | D:4      | Found a sacrificial altar of Ru.
  3675 | D:4      | Found a stormy altar of Qazlal.
  3714 | D:5      | Entered Level 5 of the Dungeon
  3736 | D:5      | Reached skill level 5 in Armour
  3785 | D:5      | Reached skill level 5 in Fighting
  3790 | D:5      | Noticed Edmund
  3805 | D:5      | Killed Edmund
  3806 | D:5      | Reached skill level 1 in Axes
  3806 | D:5      | Reached skill level 5 in Shields
  3806 | D:5      | Reached XP level 7. HP: 39/61 MP: 6/6
  3836 | D:5      | Found a snail-covered altar of Cheibriados.
  4054 | D:6      | Noticed Blork the orc
  4072 | D:6      | Reached XP level 8. HP: 51/69 MP: 7/7
  4072 | D:6      | Killed Blork the orc
  4076 | D:6      | Noticed Pikel
  4099 | D:6      | Killed Pikel
  4100 | D:6      | Reached skill level 5 in Axes
  4100 | D:6      | Reached skill level 6 in Shields
  4305 | D:6      | Reached **** piety under Qazlal
  4375 | D:6      | Reached XP level 9. HP: 77/77 MP: 8/8
  4399 | D:6      | Noticed Sigmund
  4408 | D:6      | Killed Sigmund
  4420 | D:6      | Reached skill level 7 in Shields
  4443 | D:6      | Noticed Maggie
  4453 | D:6      | Killed Maggie
  4613 | D:6      | Found a shimmering blue altar of Sif Muna.
  5120 | D:6      | Reached skill level 1 in Throwing
  5198 | D:7      | Reached skill level 5 in Polearms
  5247 | D:7      | Reached skill level 8 in Shields
  5272 | D:7      | Found Sefipt's Overcharged Wands.
  5317 | D:7      | Found a staircase to the Ecumenical Temple.
  5544 | D:7      | Found a runed translucent gate.
  5544 | D:7      | Noticed dornbeast's ghost (novice TeCj)
  5545 | D:7      | Found a runed translucent gate.
  5545 | D:7      | Identified the +8 plate armour of the Shining One's Hope
                  | {Str+4}
  5546 | D:7      | Found a runed translucent gate.
  5698 | D:8      | Reached XP level 10. HP: 75/86 MP: 5/9
  5706 | D:8      | Identified the +0 hand axe of the Scorpion {pain, Fly}
  5776 | D:8      | Noticed Grum
  5792 | D:8      | Killed Grum
  5803 | D:8      | Reached skill level 9 in Shields
  5840 | D:8      | Found a white marble altar of Elyvilon.
  5903 | D:8      | Found a bloodstained altar of Trog.
  5926 | D:8      | Found an ancient bone altar of Kikubaaqudgha.
  6160 | D:9      | Noticed a boulder beetle
  6193 | D:9      | Killed a boulder beetle
  6194 | D:9      | Reached skill level 10 in Shields
  6285 | D:10     | Entered Level 10 of the Dungeon
  6287 | D:10     | Noticed a two-headed ogre
  6288 | D:10     | Noticed Psyche
  6291 | D:10     | Noticed Joseph
  6292 | D:10     | Noticed a centaur warrior
  6294 | D:10     | Killed Psyche
  6295 | D:10     | Slain by a wight

Illustrated notes

Levels and vault maps discovered:
D:1:      dpeg_arrival_chambers_temple_mockup, layout_loops_ring,
          hellmonk_ecumenical_altar_defaced_shrine, serial_bayou_pond_b,
          ebering_dispersal_statue_hall
D:2:      layout_loops_ring
D:3:      layout_basic, dk_noncrumbling_4, uniq_ijyb
D:4:      layout_rooms, yredelemnul_altar_generic, general_overflow_altar,
          overflow_temple_1_default, nicolae_stop_n_shop_2, uniq_natasha
D:5:      layout_cave_pools, mainiacjoe_overflow_catwalk_spiral,
          uniq_crazy_yiuf_cottage, uniq_duvessa, uniq_edmund
D:6:      layout_basic, tgw_sif, uniq_maggie, uniq_pikel, uniq_sigmund,
          uniq_blork_the_orc
D:7:      layout_basic, evilmike_ruin_ashenzari, minmay_temple_entry_large_hall,
          biasface_ghost_orc_armoury, chequers_serial_rivers_small_a,
          nicolae_shop_overcharged_wands
D:8:      layout_rooms, nicolae_elyvilon_peaceful_grove,
          mainiacjoe_overflow_large_starburst, uniq_grum
D:9:      layout_rooms, minmay_crystal_room
D:10:     argonaut_augean_stables, layout_cave_pools, erik_lair_island,
          uniq_psyche, uniq_joseph

Skill      XL: |  1  2  3  4  5  6  7  8  9 10 |
---------------+-------------------------------+-----
Armour         | 4 5 6 7 8 |  8.4
Fighting       | 4 5 6 7 8 |  8.0
Maces & Flails | 3 4 |  4.3
Shields        | 4 5 6 8 10 | 10.2
Dodging        | 1 2 3 |  3.5
Polearms       | 2 4 5 7 |  7.5
Axes           | 1 3 7 8 |  8.9
Throwing       | 1 |  1.7
Stealth        | |  0.3
Invocations    | |  0.3

Action                   |  1- 3 |  4- 6 |  7- 9 | 10-12 || total
-------------------------+-------+-------+-------+-------++-------
Melee: Flail             |    83 |       |       |       ||    83
       Headbutt          |    11 |    20 |    37 |    26 ||    94
       Spear             |    11 |   159 |    81 |    89 ||   340
       War axe           |       |    17 |   136 |    17 ||   170
Throw: Stone             |       |     1 |       |       ||     1
       Boomerang         |       |       |     8 |       ||     8
Invok: Upheaval          |       |       |     1 |       ||     1
  Use: Potion            |     1 |       |       |       ||     1
       Scroll            |       |     7 |     6 |       ||    13
Armor: Scale mail        |    32 |    22 |       |       ||    54
       Chain mail        |       |    30 |    85 |    16 ||   131
Dodge: Dodged            |    20 |    31 |    29 |    10 ||    90
       Repelled          |       |       |     1 |       ||     1
Block: Kite shield       |    52 |    69 |   178 |    65 ||   364
